 Dungeon Crawl Stone Soup version 0.31.0-9-g3a7656b989 (webtiles) character file.

Game seed: 15141878190284427784

6481 Marvel the Severer (level 11, -13/101 HPs)
             Began as a Hill Orc Fighter on Feb 2, 2024.
             Was an Elder of Wu Jian.
             Mangled by an orc warlord
             ... wielding a +4 broad axe
              (25 damage)
             ... in a bailey.
             The game lasted 00:12:29 (8171 turns).

Marvel the Severer (Hill Orc Fighter)               Turns: 8171, Time: 00:12:30

Health: -13/101    AC: 14    Str: 26    XL:     11   Next: 0%
Magic:  11/11      EV: 10    Int: 14    God:    Wu Jian [****..]
Gold:   483        SH:  0    Dex: 10    Spells: 10/10 levels left

rFire   + . .        u - +4 battleaxe
rCold   . . .        (shield currently unavailable)
rNeg    + . .        b - +0 scale mail
rPois   .            i - +0 helmet
rElec   .            G - +0 cloak
rCorr   .            t - +0 pair of gloves
SInv    .            (no boots)
Will    .....        (no amulet) Stlth
                     o - +4 ring of protection
HPRegen 0.36/turn    I - ring "Mofrir" {rF+ rN+ Str+2 Int+6 Slay+4}
MPRegen 0.12/turn

%: no passive effects
@: serpent's lash
A: no striking features
a: Renounce Religion, Wall Jump, Serpent's Lash


You were in a bailey.
You worshipped Wu Jian.
Wu Jian was greatly pleased with you.
You visited 1 branch of the dungeon, and saw 9 of its levels.
You also visited: Bailey.

You collected 573 gold pieces.
You spent 90 gold pieces at shops.

Inventory:

Hand Weapons
 a - a +0 war axe
 g - a +2 dagger of pain
 h - a +4 falchion of electrocution
 l - a +6 scythe of flaming
 u - a +4 battleaxe (weapon)
Missiles
 y - 15 poisoned darts (quivered)
 B - 2 throwing nets
Armour
 b - a +0 scale mail (worn)
 c - a +0 buckler
 i - a +0 helmet (worn)
 t - a +0 pair of gloves (worn)
 G - a +0 cloak (worn)
Jewellery
 o - a +4 ring of protection (left hand)
 D - a +6 ring of dexterity
 E - a ring of poison resistance
 H - a ring of positive energy
 I - the ring "Mofrir" (right hand) {rF+ rN+ Str+2 Int+6 Slay+4}
   (You found it on level 8 of the Dungeon)

   [ring of slaying]

   Str+2:     It affects your strength (+2).
   Int+6:     It affects your intelligence (+6).
   Slay+4:    It affects your accuracy & damage with ranged weapons and melee
   (+4).
   rF+:       It protects you from fire.
   rN+:       It protects you from negative energy.
 K - a ring of magical power
 N - an amulet of faith
Wands
 f - a wand of flame (39)
 C - a wand of iceblast (33)
 J - a wand of mindburst (3)
Scrolls
 e - 2 scrolls of fear {unknown}
 j - 9 scrolls of identify {unknown}
 k - 3 scrolls of immolation {unknown}
 m - 4 scrolls of enchant armour {unknown}
 n - 2 scrolls of fog {unknown}
 r - 2 scrolls of poison {unknown}
 s - a scroll of noise {unknown}
 v - a scroll of teleportation {unknown}
 x - a scroll of blinking {unknown}
 L - a scroll of amnesia {unknown}
 M - a scroll of brand weapon {unknown}
 Q - a scroll of revelation {unknown}
 R - a scroll of butterflies {unknown}
Potions
 d - 2 potions of might
 p - 2 potions of curing
 q - 2 potions of resistance {unknown}
 w - a potion of brilliance {unknown}
 z - a potion of ambrosia {unknown}
 A - a potion of haste {unknown}
 F - 2 potions of magic {unknown}
 O - 3 potions of heal wounds {unknown}
 P - a potion of invisibility {unknown}


   Skills:
 + Level 10.5 Fighting
 + Level 17.7 Axes
 + Level 1.4 Throwing
 - Level 3.3 Armour
 - Level 3.3 Shields


You had 10 spell levels left.
You didn't know any spells.
Your spell library contained the following spells:

 Spells                   Type           Power      Damage    Failure   Level
 Sublimation of Blood     Necr           0%         N/A       69%         2
 Tukima's Dance           Hex            0%         N/A       89%         3
 Dimensional Bullseye     Hex/Tloc       0%         N/A       100%        4
 Iskenderun's Mystic Bla  Conj/Tloc      0%         2d3       100%        4
 Passage of Golubria      Tloc           0%         N/A       100%        4
 Petrify                  Alch/Erth      0%         N/A       100%        4
 Irradiate                Conj/Alch      0%         3d11      100%        5
 Silence                  Hex/Air        0%         N/A       100%        5
 Lehudib's Crystal Spear  Conj/Erth      0%         10d2      100%        8


Dungeon Overview and Level Annotations

Branches:
Dungeon (9/15)             Temple (0/1) D:6          Bailey (1/1)
   Lair: D:8-11         Orc: D:9-12

Altars:
Dithmenos
Elyvilon
Gozag
Hepliaklqana
Trog
Uskayaw
Wu Jian
Xom
Yredelemnul
Zin

Shops:
D:8 *


Message History

There is an open gate, spattered with blood here.
You see here 2 boomerangs.
There is an open door here.
There is an open door here.
The orc warlord shouts!
No reachable target in view!
You open the gate.
Throw: 16 darts (poison)
Press: ? - help, Q - select action, (/) - cycle Shift-Dir - straight line, f - orc warlord
Aim: an orc warlord, wielding a +4 broad axe and wearing a +0 plate armour (74% to hit)
You throw a poisoned dart. The poisoned dart hits the orc warlord.
The orc warlord is poisoned.
You hear a splash.
You completely miss the orc warlord.
The orc warlord hits you with a +4 broad axe!!
Your muscles tense, ready for explosive movement...
You carve the orc warlord like a ham!!!
The orc warlord is moderately wounded.
The orc warlord hits you with a +4 broad axe!!
You closely miss the orc warlord.
The orc warlord is moderately wounded.
The orc warlord hits you with a +4 broad axe.
You slash the orc warlord!
The orc warlord is heavily wounded.
You hit the orc warlord.
The orc warlord is severely wounded.
The orc warlord hits you with a +4 broad axe!
You closely miss the orc warlord.
The orc warlord is severely wounded.
The orc warlord hits you with a +4 broad axe!!
* * * LOW HITPOINT WARNING * * *
You slash the orc warlord!
The orc warlord is severely wounded.
The orc warlord looks more healthy.
The orc warlord hits you with a +4 broad axe!
* * * LOW HITPOINT WARNING * * *
You hit the orc warlord but do no damage.
The orc warlord is severely wounded.
The orc warlord hits you with a +4 broad axe!!
You die...

♣∩...)~~.#~....∩....~#.~~~...∩
♣♣...~~~.#~.........~#.~~~...♣
♣...~~~.#~~.8...8.~~#.~~~...♣
♣♣..###'###.......###'###..♣♣
♣.##....#~.8...8.~#....##.♣
♣##.....#~~~~~~~~~#.....##♣
##......####(~~####)))...##
#...8......#o''#(.....8...#
#..........@.)..(.........#
#...........()............#
##..8..8...........8..8..##
##.......#######.......##
##.....## ##.....## ##...##
##...## ##### #####


You could see an orc warlord.

Vanquished Creatures
  Erica (D:8)
  Pikel (D:8)
  Jeremiah (D:7)
  A hornet (D:9)
  Sigmund (D:3)
  5 yaks (D:8)
  An acid dragon (D:9)
  A black bear (D:6)
  7 orc warriors
  2 ice beasts
  2 ogres
  2 centaurs
  2 kobold brigands
  A phantom (D:6)
  4 bullfrogs
  4 scorpions
  4 wights
  5 killer bees (D:8)
  A howler monkey (D:5)
  A centaur zombie (D:5)
  3 bombardier beetles
  4 crimson imps (D:8)
  7 jellies
  A bullfrog zombie (D:5)
  9 orc priests
  6 hounds
  2 sleepcaps
  An iguana (D:7)
  11 orc wizards
  2 hound zombies (D:5)
  A howler monkey zombie (D:5)
  Robin (D:2)
  6 gnolls
  5 adders
  A shadow imp (D:7)
  2 white imps
  3 dart slugs
  2 ribbon worms
  27 orcs
  5 bats
  7 endoplasms
  4 giant cockroaches
  20 goblins
  11 hobgoblins
  4 jackals (D:4)
  23 kobolds
  7 quokkas
  5 ball pythons
  7 frilled lizards
  5 rats
239 creatures vanquished.

Vanquished Creatures (others)
  A goblin (D:2)
1 creature vanquished.

Grand Total: 240 creatures vanquished

Notes
Turn   | Place    | Note
-------+----------+-------------------------------------------
     0 | D:1      | Marvel the Hill Orc Fighter began the quest for the Orb.
     0 | D:1      | Reached XP level 1. HP: 19/19 MP: 1/1
   103 | D:1      | Reached skill level 3 in Axes
   103 | D:1      | Reached XP level 2. HP: 23/27 MP: 2/2
   121 | D:1      | Found a faded altar of an unknown god.
   714 | D:2      | Reached XP level 3. HP: 27/34 MP: 3/3
   829 | D:2      | Noticed Robin
   837 | D:2      | Reached skill level 4 in Axes
   844 | D:2      | Killed Robin
   938 | D:2      | Reached XP level 4. HP: 39/41 MP: 4/4
  1159 | D:2      | Found an ornate altar of the Wu Jian Council.
  1225 | D:2      | Became a worshipper of the Wu Jian Council
  1474 | D:3      | Noticed Sigmund
  1488 | D:3      | HP: 1/41 [Sigmund/+6 scythe of flaming (2)]
  1489 | D:3      | Killed Sigmund
  1490 | D:3      | Reached skill level 5 in Fighting
  1490 | D:3      | Reached skill level 6 in Axes
  1490 | D:3      | Reached XP level 5. HP: 1/48 MP: 5/5
  1490 | D:3      | Reached XP level 6. HP: 2/56 MP: 6/6
  1712 | D:3      | Reached skill level 7 in Axes
  2197 | D:3      | Found a faded altar of an unknown god.
  2201 | D:3      | Found a bloodstained altar of Trog.
  2337 | D:4      | Noticed an orc warrior
  2357 | D:4      | Killed an orc warrior
  2358 | D:4      | Reached skill level 8 in Axes
  2358 | D:4      | Reached XP level 7. HP: 21/62 MP: 7/7
  2359 | D:4      | Reached * piety under Wu Jian
  2658 | D:4      | Reached skill level 9 in Axes
  2805 | D:4      | Found a hide-covered altar of Uskayaw.
  2805 | D:4      | Noticed a +0 falchion
  2805 | D:4      | Noticed a +0 falchion
  2806 | D:4      | Noticed a +0 short sword
  2806 | D:4      | Noticed a +0 spear
  2807 | D:4      | Noticed a +0 spear
  2807 | D:4      | Noticed a +0 dagger
  2808 | D:4      | Noticed a +0 dagger
  2808 | D:4      | Noticed a +0 short sword
  3124 | D:4      | Found Zin's Purification Station.
  3127 | D:4      | Found a glowing silver altar of Zin.
  3130 | D:4      | Bought a potion of curing for 90 gold pieces
  3327 | D:5      | Entered Level 5 of the Dungeon
  3418 | D:5      | Reached skill level 10 in Axes
  3468 | D:5      | Reached XP level 8. HP: 70/70 MP: 8/8
  3766 | D:5      | Reached skill level 11 in Axes
  4117 | D:5      | Found a basalt altar of Yredelemnul.
  4130 | D:5      | Reached skill level 12 in Axes
  4272 | D:5      | Reached ** piety under Wu Jian
  4559 | D:6      | Reached XP level 9. HP: 39/79 MP: 9/9
  4584 | D:6      | Reached skill level 13 in Axes
  4680 | D:6      | Found an opulent altar of Gozag.
  5051 | D:6      | Found a staircase to the Ecumenical Temple.
  5314 | D:6      | Reached skill level 14 in Axes
  5619 | D:7      | Noticed Jeremiah
  5845 | D:7      | Killed Jeremiah
  6141 | D:7      | Reached skill level 15 in Axes
  6484 | D:8      | Reached XP level 10. HP: 67/90 MP: 10/10
  6564 | D:8      | Found a shimmering altar of Xom.
  6597 | D:8      | Reached *** piety under Wu Jian
  6625 | D:8      | Identified the ring "Mofrir" {rF+ rN+ Str+2 Int+6 Slay+4}
  6973 | D:8      | Noticed Erica
  6979 | D:8      | Killed Erica
  6980 | D:8      | Reached skill level 16 in Axes
  6980 | D:8      | Reached skill level 1 in Throwing
  7169 | D:8      | Found Aqukli's Lightly-Used Armoury.
  7362 | D:8      | Noticed Pikel
  7373 | D:8      | Killed Pikel
  7374 | D:8      | Reached skill level 10 in Fighting
  7374 | D:8      | Reached skill level 17 in Axes
  7488 | D:9      | Found a white marble altar of Elyvilon.
  7553 | D:9      | Found a shadowy altar of Dithmenos.
  7554 | D:9      | Found a hazy altar of Hepliaklqana.
  7867 | D:9      | Found a flagged portal.
  7880 | Bailey   | Entered a bailey
  7896 | Bailey   | Noticed an orc warlord
  7931 | Bailey   | Reached **** piety under Wu Jian
  7939 | Bailey   | Reached XP level 11. HP: 77/101 MP: 11/11
  7960 | Bailey   | Found a runed translucent gate.
  7960 | Bailey   | Found a runed translucent gate.
  7960 | Bailey   | Found a runed translucent gate.
  8171 | Bailey   | Mangled by an orc warlord

Illustrated notes

Levels and vault maps discovered:
D:1:      noname_arrival_rooms_in_the_neighbourhood, layout_loops_cross,
          hellmonk_ecumenical_altar_arch_garden
D:2:      layout_loops_ring, basic_altar, uniq_robin
D:3:      layout_rooms, nicolae_overflow_ecumenical_swirl, uniq_sigmund
D:4:      layout_basic, zin_purify, nicolae_uskayaw_en_pointe
D:5:      layout_loops_ring, nicolae_yredelemnul_corpse_copse,
          kennysheep_generic_room_7
D:6:      layout_loops_ring, nicolae_gozag_cash_rules_everything_around_me,
          minmay_temple_entry_drinking_statues, lexackson_kobold_supper
D:7:      layout_basic, serial_glass, glass_columns_a, glass_columns_a,
          due_unseen_surprise, item_on_display_b, feat_on_display, uniq_jeremiah
D:8:      layout_rooms, led_xom_imps, palyth_stone_intersect,
          minmay_shop_damaged, uniq_pikel, uniq_erica
D:9:      layout_loops_ring, riverfiend_overflow_shadow_ancestor,
          mainiacjoe_overflow_boulevard, enter_bailey_3
Bailey:   bailey_axe_bossmonster_kennysheep, bailey

Skill      XL: |  1  2  3  4  5  6  7  8  9 10 |
---------------+-------------------------------+-----
Fighting       | 4 5 6 7 8 10 | 10.5
Axes           | 3 4 6 8 10 12 15 17 | 17.7
Throwing       | 1 |  1.4
Armour         | |  3.3
Shields        | |  3.3

Action                     |  1- 3 |  4- 6 |  7- 9 | 10-12 || total
---------------------------+-------+-------+-------+-------++-------
  Melee: War axe           |    93 |   112 |   122 |       ||   327
         Battleaxe         |       |       |   179 |   123 ||   302
  Throw: Dart              |       |       |     6 |     7 ||    13
 Invoke: Serpent's Lash    |       |       |       |     1 ||     1
Ability: Lunge             |       |     6 |    27 |    12 ||    45
         Whirlwind         |       |       |    10 |       ||    10
   Stab: Sleeping          |       |       |     1 |       ||     1
 Armour: Scale mail        |    82 |    94 |   214 |    79 ||   469
  Dodge: Dodged            |    52 |    38 |   107 |    34 ||   231
  Block: Buckler           |    25 |    19 |    20 |       ||    64
